 Dungeon Crawl Stone Soup version 0.29-a0-321-gf1c400731a (webtiles) character file.

Game seed: 13870744915137780924

4 Flugslaktarn the Vexing (level 1, -1/16 HPs)
             Began as a Palentonga Enchanter on Apr 3, 2022.
             Frozen to death by an endoplasm (2 damage)
             ... on level 1 of the Dungeon.
             The game lasted 00:00:26 (107 turns).

Flugslaktarn the Vexing (Palentonga Enchanter)       Turns: 107, Time: 00:00:27

Health: -1/16      AC:  4    Str: 11    XL:     1   Next: 58%
Magic:  3/3        EV:  9    Int: 15    God:
Gold:   3          SH:  0    Dex: 10    Spells: 4/4 levels left

rFire   . . .      SeeInvis +   a - +1 dagger
rCold   . . .      Faith    .   (no shield)
rNeg    . . .      Spirit   .   b - +0 robe
rPois   .          Reflect  .   (no helmet)
rElec   .          Harm     .   (no cloak)
rCorr   .          Rampage  .   (no gloves)
Will    .....                   (no barding)
Stlth   ++........              (no amulet)
HPRegen 0.05/turn               e - ring of wizardry
MPRegen 0.08/turn               (no ring)

@: no status effects
A: large, rugged brown scales 3, see invisible, deformed body, roll 1, armoured
tail
a: Rolling Charge


You were on level 1 of the Dungeon.
You visited 1 branch of the dungeon, and saw 1 of its levels.

You collected 3 gold pieces.

Inventory:

Hand Weapons
 a - a +1 dagger (weapon)
Armour
 b - a +0 robe (worn)
Jewellery
 e - a ring of wizardry (left hand)
   (You found it on level 1 of the Dungeon)
Scrolls
 f - a scroll of identify {unknown}
 g - a scroll of blinking {unknown}
Potions
 c - 2 potions of invisibility
 d - 2 potions of curing {unknown}


   Skills:
 + Level 1.2 Fighting
 - Level 1.0 Short Blades
 - Level 1.5 Dodging
 - Level 2.0 Stealth
 - Level 2.0 Spellcasting
 - Level 3.0 Hexes


You had 4 spell levels left.
You didn't know any spells.
Your spell library contained the following spells:

 Spells                   Type           Power      Damage    Failure   Level
 Ensorcelled Hibernation  Hex/Ice        12%        N/A       8%          2
 Confusing Touch          Hex            10%        N/A       8%          3
 Tukima's Dance           Hex            10%        N/A       8%          3
 Dazzling Flash           Conj/Hex       12%        N/A       14%         3


Dungeon Overview and Level Annotations

Branches:
Dungeon (1/15)

Altars:


Innate Abilities, Weirdness & Mutations

You are completely covered in rugged brown scales. (AC +3, +7% HP)
You have supernaturally acute eyesight. (SInv)
Armour fits poorly on your strangely shaped body.
You can roll at nearby foes to attack.
You have a long armoured tail.


Message History

Welcome, Flugslaktarn the Palentonga Enchanter.
The Orb of Zot is coveted for many reasons.
Will you seize it for your own?
Press ? for a list of commands and other information.
Found a golden potion.
Found a staircase leading out of the dungeon.
d - a golden potion
Found 3 gold pieces.
Found a golden potion.
You now have 3 gold pieces.
d - 2 golden potions (gained 1)
Found a tubular ruby ring.
e - a ring of wizardry
e - a ring of wizardry (left hand)
A frilled lizard comes into view.
The frilled lizard hisses angrily.
You don't know any spells.
Okay, then.
Unknown command.
The frilled lizard barely misses you.
You hit the frilled lizard.
You kill the frilled lizard!
You see here a frilled lizard corpse.
A goblin comes into view. It is wielding a +0 club.
The goblin shouts!
You barely miss the goblin. You tail-slap the goblin.
The goblin is severely wounded.
The goblin hits you with a +0 club.
You barely miss the goblin.
The goblin is severely wounded.
The goblin hits you with a +0 club.
You barely miss the goblin.
The goblin is severely wounded.
The goblin hits you but does no damage.
You closely miss the goblin.
Your tail-slap misses the goblin.
The goblin is severely wounded.
The goblin misses you.
You hit the goblin.
You kill the goblin!
Things that are here:
a +0 club; a goblin corpse You see here a frilled lizard corpse.
You see here a frilled lizard corpse.
Found a scroll labelled DUSULU GUMAEL.
Found a spear.
Found 24 stones.
f - a scroll labelled DUSULU GUMAEL A hobgoblin comes into view.
Found a scroll labelled URGHIO ISUCOCESM.
Found a stone staircase leading down.
Found a stone staircase leading down.
You see here a scroll labelled URGHIO ISUCOCESM.
g - a scroll labelled URGHIO ISUCOCESM A ball python comes into view.
An endoplasm and a dart slug come into view.
The hobgoblin shouts!
The endoplasm quivers.
You hear an angry hiss.
The hobgoblin barely misses you.
The dart slug moves out of view.
You hit the hobgoblin.
The hobgoblin is lightly wounded.
The hobgoblin closely misses you.
You hit the hobgoblin.
The hobgoblin is severely wounded.
The hobgoblin closely misses you.
You closely miss the hobgoblin.
The hobgoblin is severely wounded.
The ball python barely misses you. The hobgoblin hits you.
You hit the hobgoblin.
You kill the hobgoblin!
The ball python barely misses you.
Your Fighting skill increases to level 1!
The ball python attacks as you move away!
The ball python bites you. The dart slug launches a dart at you.
The slug dart hits you. The ball python bites you.
* * * LOW HITPOINT WARNING * * *
The ball python attacks as you move away!
The ball python bites you but does no damage.
You don't know any spells.
Okay, then.
The ball python attacks as you move away!
The ball python bites you.
* * * LOW HITPOINT WARNING * * *
The ball python attacks as you move away!
The ball python closely misses you.
The ball python attacks as you move away!
The ball python closely misses you. The ball python barely misses you.
You barely miss the ball python.
Your tail-slap misses the ball python.
The ball python barely misses you.
You hit the ball python.
You kill the ball python!
You hit the endoplasm but do no damage. You barely miss the endoplasm.
The endoplasm freezes you.
You are frozen.
* * * LOW HITPOINT WARNING * * *
You barely miss the endoplasm. The endoplasm freezes you.
You are frozen.
You die...

..........# . #
#.........##.#
..##............# #
............#...
#..##...##w....#.#
...>.........)....
#.........>.. #
######.###........
..##.(@J.............
#....####..###..#....
........##............
####
#.....#######.....
#.....#..b# .....
####..#..P###....
#..#.P.#....#
#..#...#....#
#..#P..#....#


You could see an endoplasm.

Vanquished Creatures
  A ball python (D:1)
  A goblin (D:1)
  A hobgoblin (D:1)
  A frilled lizard (D:1)
4 creatures vanquished.

Notes
Turn   | Place    | Note
-------+----------+-------------------------------------------
     0 | D:1      | Flugslaktarn the Palentonga Enchanter began the quest for
                  | the Orb.
     0 | D:1      | Reached XP level 1. HP: 13/13 MP: 3/3
    96 | D:1      | Reached skill level 1 in Fighting
   107 | D:1      | Frozen to death by an endoplasm

Illustrated notes

Levels and vault maps discovered:
D:1:      minmay_arrival_hallway, layout_rooms,
          hellmonk_ecumenical_altar_watching_god, serial_aquarium,
          aquarium_bridge_square [aquarium_subvault_wall,
          aquarium_subvault_bridge, aquarium_subvault_wall,
          aquarium_subvault_window], aquarium_window_2, aquarium_window_1,
          aquarium_window_fake, aquarium_window_1, aquarium_view_2e,
          aquarium_view_2b, aquarium_balcony_5b

Skill      XL: |  1 |
---------------+----+-----
Fighting       | 1 |  1.2
Short Blades   | |  1.0
Dodging        | |  1.5
Stealth        | |  2.0
Spellcasting   | |  2.0
Hexes          | |  3.0

Action                   || total
-------------------------++-------
Melee: Dagger            ||    15
       Tailslap          ||     1
Armor: Robe              ||     2
Dodge: Dodged            ||    11

Table legend: (Time is in decaauts)
 A = Elapsed time spent in this place.
 B = Non-inter-level travel time spent in this place.
 C = Inter-level travel time spent in this place.
 D = Time resting spent in this place.
 E = Time spent auto-exploring this place.
 F = Levels seen in this place.
 G = Mean time per level.
                   A        B        C        D        E       F      G
               +--------+--------+--------+--------+--------+-----+--------+
         Total |    105 |    105 |      0 |      0 |      0 |   1 |  105.0 |
       Dungeon |    105 |    105 |      0 |      0 |      0 |   1 |  105.0 |
               +--------+--------+--------+--------+--------+-----+--------+

Top non-repeatable levels by time:
     D:1: 105 daAuts
